Map: Pillars of Gold LE

Players

DPGCure (Cure)

  • Race: Terran Terran
  • League: Master
  • Spawn Location: 1:00

Maru - Winner!

  • Race: Terran Terran
  • Spawn Location: 7:00

Event: DreamHack SC2 Masters 2020 Summer Season Finals

VOD

Have the link to the VOD?

Description

Time

  • Played on: July 18, 2020, 2:39 p.m.
  • Length: 11:08

All games in this series

Show
View Real Time Build Order
Export as new Build Order

DPGCure Terran 

Build Orders:  

Get SALT Encoding   

  12  0:00  SCV  
  13  0:12  SCV  
  14  0:17  Supply Depot  
  14  0:24  SCV  
  15  0:28  Refinery  
  15  0:39  SCV  
  16  0:45  Barracks  
  16  0:51  SCV  
  17  1:03  SCV  
  18  1:15  SCV  
  19  1:32  Orbital Command, Reaper  
  20  1:49  Bunker  
  20  1:52  Factory, Supply Depot  
  20  1:57  SCV  
  21  2:04  Marine  
  21  2:05  Refinery  
  22  2:09  SCV  
  22  2:13  Bunker  
  23  2:21  SCV  
  23  2:22  Marine  
  25  2:31  Supply Depot  
  25  2:34  SCV  
  25  2:36  Hellion  
  28  2:40  Marine  
  29  2:48  Starport  
  29  2:49  SCV  
  30  2:58  Hellion  
  32  3:00  Marine  
  32  3:01  SCV  
  34  3:08  Supply Depot  
  34  3:19  Factory Tech Lab  
  34  3:20  Marine  
  34  3:21  SCV  
  34  3:24  Starport Tech Lab  
  36  3:30  Command Center  
  36  3:35  SCV  
  36  3:40  Cyclone  
  40  3:45  Raven  
  40  3:52  SCV  
  30  4:04  SCV  
  31  4:12  Cyclone  
  31  4:16  SCV  
  33  4:28  Banshee, SCV  
  37  4:33  Barracks Reactor  
  37  4:38  Supply Depot  
  37  4:40  SCV  
  38  4:55  SCV  
  38  4:58  Command Center  
  39  5:07  SCV  
  39  5:10  Refinery, Cloaking Field  
  40  5:19  Banshee, SCV  
  44  5:25  Orbital Command  
  44  5:31  SCV  
  44  5:34  Refinery  
  45  5:38  Cyclone  
  48  5:43  SCV  
  48  5:48  Mag-Field Accelerator  
  49  5:51  SCV  
  49  5:55  SCV  
  51  6:03  SCV  
  44  6:07  SCV  
  44  6:10  Cyclone  
  44  6:12  SCV  
  44  6:15  SCV  
  41  6:22  SCV  
  42  6:27  Orbital Command  
  41  6:36  SCV  
  41  6:37  SCV  
  43  6:45  Cyclone  
  46  6:47  Banshee  
  46  6:48  SCV  
  46  6:49  SCV  
  48  6:56  SCV  
  48  7:00  SCV  
  50  7:01  SCV  
  50  7:08  SCV  
  52  7:12  Factory, SCV  
  52  7:13  SCV  
  54  7:18  Factory  
  54  7:20  SCV  
  52  7:24  SCV  
  52  7:26  Orbital Command, SCV  
  52  7:28  Cyclone  
  57  7:36  SCV  
  58  7:39  SCV  
  58  7:41  Refinery  
  59  7:45  Refinery  
  59  7:46  Banshee  
  59  7:49  SCV  
  63  7:51  SCV  
  61  8:00  SCV  
  61  8:01  SCV  
  60  8:04  SCV  
Show
View Real Time Build Order
Export as new Build Order

Maru Terran - Winner!

Build Orders: Mech 

Get SALT Encoding   

  12  0:00  SCV  
  13  0:16  Supply Depot  
  13  0:18  SCV  
  14  0:37  Barracks  
  14  0:42  Refinery  
  14  0:55  Barracks  
  14  1:00  SCV  
  15  1:13  SCV  
  16  1:25  Reaper  
  16  1:26  Orbital Command  
  17  1:35  Refinery  
  17  1:43  Reaper  
  18  1:52  SCV  
  19  1:57  Supply Depot  
  19  2:01  Reaper  
  19  2:05  SCV  
  22  2:19  Reaper  
  22  2:21  SCV  
  23  2:29  Factory  
  23  2:33  SCV  
  24  2:45  SCV  
  24  2:49  Reaper  
  26  2:52  Reaper  
  26  2:57  SCV  
  28  3:10  SCV  
  29  3:16  Command Center  
  29  3:17  Factory Tech Lab  
  29  3:21  Supply Depot  
  29  3:22  SCV  
  30  3:34  SCV  
  31  3:42  Cyclone  
  31  3:46  SCV  
  31  3:47  Starport  
  33  3:59  SCV  
  33  4:06  Mag-Field Accelerator  
  33  4:11  SCV  
  33  4:15  Refinery  
  34  4:23  SCV  
  33  4:25  Starport Tech Lab, Cyclone  
  33  4:28  Orbital Command  
  36  4:35  SCV  
  37  4:45  Banshee  
  40  4:47  SCV  
  41  4:57  Cyclone  
  41  4:58  SCV  
  41  4:59  SCV  
  45  5:04  Barracks Reactor  
  45  5:10  SCV  
  45  5:11  Supply Depot, SCV  
  47  5:22  SCV  
  47  5:24  SCV  
  49  5:29  Siege Tank  
  49  5:30  Command Center  
  52  5:36  SCV  
  52  5:37  SCV  
  52  5:39  Raven  
  52  5:42  Refinery  
  56  5:44  Marine x2  
  56  5:48  Supply Depot  
  58  5:52  SCV  
  58  5:58  SCV  
  58  6:02  Siege Tank  
  62  6:09  SCV  
  62  6:10  SCV  
  61  6:12  Supply Depot  
  58  6:21  SCV  
  58  6:23  Marine x2  
  58  6:28  SCV  
  58  6:30  Raven  
  61  6:33  SCV  
  61  6:34  Cyclone, Engineering Bay  
  65  6:40  SCV  
  65  6:45  SCV  
  65  6:53  SCV  
  66  6:55  Orbital Command  
  66  6:57  Factory  
  66  6:58  Factory, SCV  
  67  7:05  SCV, Missile Turret  
  67  7:06  Cyclone, Missile Turret  
  71  7:14  SCV  
  72  7:17  SCV  
  72  7:24  Marine  
  72  7:26  SCV  
  72  7:29  SCV  
  75  7:38  Siege Tank  
  75  7:39  Orbital Command, SCV  
  75  7:41  SCV  
  75  7:44  Factory  
  80  7:46  Factory  
  80  7:51  SCV  
  81  7:53  SCV  
  82  8:00  Cyclone  
  82  8:01  Hellion x2  
  86  8:10  Cyclone  
Tags
 
Add a new tag
Caveats
  • Supply blocks, unpowered buildings, or Contaminate may cause inaccurate times.
  • Supply counts are checked every 10 seconds.